 Dungeon Crawl Stone Soup version 0.31.0-12-g77e489cdc1 (webtiles) character file.

Game seed: 14751643736591521326

1925 sking99 the Summoner (level 9, 0/65 HPs)
             Began as a Gnoll Summoner on Feb 29, 2024.
             Was a Believer of Dithmenos.
             Slain by an ufetubus (1 damage)
             ... on level 7 of the Dungeon.
             The game lasted 00:18:03 (8280 turns).

sking99 the Summoner (Gnoll Summoner)               Turns: 8280, Time: 00:18:04

Health: 0/65       AC:  9    Str: 12    XL:     9   Next: 17%
Magic:  15/18      EV: 14    Int: 15    God:    Dithmenos [**....]
Gold:   298        SH:  0    Dex: 12    Spells: 8/21 levels left

rFire   . . .        e - +1 dagger (venom)
rCold   . . .        (no shield)
rNeg    . . .        a - +1 robe
rPois   .            k - +1 hat
rElec   .            (no cloak)
rCorr   .            t - +0 pair of gloves
SInv    .            (no boots)
Will    .....        (no amulet)
Stlth   ++++         u - +4 ring of protection
HPRegen 0.30/turn    (no ring)
MPRegen 0.16/turn

%: no passive effects
@: wreathed by umbra
A: fangs 1, strong nose, distributed training
a: Renounce Religion, Shadow Step


You were on level 7 of the Dungeon.
You worshipped Dithmenos.
Dithmenos was pleased with you.
You visited 1 branch of the dungeon, and saw 7 of its levels.
You also visited: Sewer.

You collected 298 gold pieces.

Inventory:

Hand Weapons
 e - a +1 dagger of venom (weapon)
Armour
 a - a +1 robe (worn)
 k - a +1 hat (worn)
 t - a +0 pair of gloves (worn)
Magical Staves
 x - a staff of cold
Jewellery
 o - a ring of resist corrosion
 u - a +4 ring of protection (left hand)
 z - a ring of fire
Wands
 d - a wand of iceblast (13)
 v - a wand of quicksilver (2)
Scrolls
 g - 3 scrolls of enchant armour
 j - 4 scrolls of poison
 p - 2 scrolls of teleportation
 r - a scroll of noise
 s - a scroll of fear
 w - 2 scrolls of blinking
Potions
 b - 4 potions of magic
 c - 2 potions of attraction {unknown}
 f - 6 potions of curing {unknown}
 h - 3 potions of enlightenment {unknown}
 i - 3 potions of brilliance {unknown}
 l - a potion of haste {unknown}
 m - 2 potions of lignification {unknown}
 n - 2 potions of heal wounds {unknown}
 q - a potion of invisibility {unknown}


   Skills:
 + Level 4.1 Fighting
 + Level 4.1 Short Blades
 + Level 4.1 Long Blades
 + Level 4.1 Axes
 + Level 4.1 Maces & Flails
 + Level 4.1 Polearms
 + Level 4.1 Staves
 + Level 4.1 Ranged Weapons
 + Level 4.1 Throwing
 + Level 4.1 Armour
 + Level 6.2 Dodging
 + Level 6.0 Stealth
 + Level 4.1 Shields
 + Level 4.1 Unarmed Combat
 + Level 6.5 Spellcasting
 + Level 3.4 Conjurations
 + Level 3.4 Hexes
 + Level 8.0 Summonings
 + Level 3.4 Necromancy
 + Level 3.4 Translocations
 + Level 3.4 Fire Magic
 + Level 3.4 Ice Magic
 + Level 3.4 Air Magic
 + Level 3.4 Earth Magic
 + Level 3.4 Alchemy
 + Level 4.5 Invocations
 + Level 4.1 Evocations
 + Level 3.7 Shapeshifting


You had 8 spell levels left.
You knew the following spells:

 Your Spells              Type           Power      Damage    Failure   Level
a - Call Imp              Summ           56%        N/A       1%          2
b - Call Canine Familiar  Summ           28%        N/A       1%          3
c - Summon Blazeheart Go  Fire/Summ      22%        N/A       13%         4
d - Summon Lightning Spi  Summ/Air       22%        N/A       13%         4

Your spell library contained the following spells:

 Spells                   Type           Power      Damage    Failure   Level
 Summon Small Mammal      Summ           100%       N/A       1%          1
 Lesser Beckoning         Tloc           30%        N/A       5%          2
 Dazzling Flash           Conj/Hex       30%        N/A       11%         3
 Gell's Gravitas          Tloc           15%        N/A       11%         3
 Inner Flame              Hex/Fire       15%        N/A       11%         3
 Mephitic Cloud           Conj/Alch/Air  15%        N/A       11%         3
 Ozocubu's Armour         Ice            15%        N/A       11%         3
 Teleport Other           Tloc           15%        N/A       11%         3
 Tukima's Dance           Hex            15%        N/A       11%         3
 Flame Wave               Conj/Fire      15%        2d7       34%         4
 Passage of Golubria      Tloc           15%        N/A       34%         4
 Sticky Flame             Fire/Alch      15%        2d5       34%         4
 Curse of Agony           Necr           15%        N/A       67%         5
 Metabolic Englaciation   Hex/Ice        7%         N/A       67%         5
 Silence                  Hex/Air        7%         N/A       67%         5
 Yara's Violent Unravell  Hex/Alch       7%         3d5       67%         5
 Sculpt Simulacrum        Ice/Alch       7%         N/A       99%         6
 Ozocubu's Refrigeration  Ice            7%         4d9       100%        7
 Polar Vortex             Ice            7%         12d1*     100%        9


Dungeon Overview and Level Annotations

Branches:
Dungeon (7/15)              Sewer (visited)
 Temple: D:4-7

Altars:
Dithmenos
Sif Muna
Trog
Wu Jian
The Shining One

Annotations:
D:7 Pikel; grmbl's ghost, novice OpCj


Innate Abilities, Weirdness & Mutations

You have very sharp teeth.
Your uncanny sense of smell can sniff out nearby items.
Your experience applies equally to all skills.


Message History

You see here a staff of fire.
Your familiar recovers from its injuries.
A hornet comes into view.
You closely miss the lemure. You punch the lemure.
The lemure is lightly wounded.
The lemure closely misses you.
Your cerulean imp hits the lemure but does no damage.
The ufetubus barely misses you.
The ufetubus hits you but does no damage.
You barely miss the lemure. Your bite misses the lemure.
The lemure is lightly wounded.
The lemure closely misses you. The ufetubus misses you. The ufetubus hits you.
* * * LOW HITPOINT WARNING * * *
Your cerulean imp barely misses the lemure.
You hit the lemure but do no damage.
The lemure is poisoned.
The lemure is lightly wounded.
The ufetubus hits you but does no damage.
The ufetubus closely misses you. The lemure misses you.
Your cerulean imp hits the lemure but does no damage.
You hit the lemure.
The lemure looks as sick as possible!
The lemure is lightly wounded.
The ufetubus closely misses you. The ufetubus misses you.
The lemure hits you but does no damage.
Your cerulean imp hits the lemure from afar with a -2 spear.
The orc warrior barely misses your cerulean imp.
You hit the lemure.
The lemure looks as sick as possible!
The lemure is moderately wounded.
The gnoll sergeant shouts!
You hear two shouts!
The ufetubus closely misses you. The ufetubus completely misses you.
The ufetubus barely misses you. The ufetubus hits you.
* * * LOW HITPOINT WARNING * * *
The hornet stings your cerulean imp.
Your cerulean imp seems to slow down.
The orc barely misses your cerulean imp.
Your cerulean imp closely misses the lemure.
The lemure hits you!
* * * LOW HITPOINT WARNING * * *
The orc warrior closely misses your cerulean imp.
The ufetubus hits you.
You die...

##.. ∆ #..© ._[ #s.. ..$ ..
...# ####.# #.# #.. #...g###
..# #..##....#.###..# .#
o.####..###..W###..# .#####
...Ky....y#####....###.....#
##...##.oo5.55@............#
#( ###.........####.....#
#######....(...<...#
#......##.###.....#
#.#######.........#
####......# ##.....##
#.......# #.......#


You could see a hornet, an orc warrior, a lemure (extremely poisoned, ally
target), a gnoll sergeant, grmbl's ghost, an ufetubus, an orc and a friendly
cerulean imp (summoned, slow).

Vanquished Creatures
  A hornet (D:6)
  An orc warrior (D:6)
  2 ogres (D:5)
  A lemure (D:7)
  A kobold brigand (D:7)
  A bullfrog (D:6)
  A scorpion (D:5)
  A hound (D:6)
  A sleepcap (D:6)
  2 adders
  4 dart slugs
  6 orcs
  4 ball pythons
  4 giant cockroaches (Sewer)
  A goblin (D:2)
  2 hobgoblins (D:1)
  A quokka (D:5)
  3 bats
  8 frilled lizards (Sewer)
  2 kobolds
47 creatures vanquished.

Vanquished Creatures (collateral kills)
  Sigmund (D:2)
  Menkaure (D:4)
  An orc warrior (D:6)
  A black bear (D:5)
  A lemure (D:7)
  3 phantoms
  A bullfrog (Sewer)
  An electric eel (D:6)
  2 hounds (D:5)
  A sleepcap (D:4)
  Terence (D:2)
  3 orc wizards
  7 adders
  7 dart slugs
  2 ribbon worms
  6 orcs
  3 bats
  3 endoplasms
  12 giant cockroaches
  A hobgoblin (D:3)
  2 jackals (D:1)
  2 quokkas (D:1)
  9 ball pythons
  9 frilled lizards
  8 goblins
  11 kobolds
  6 rats
105 creatures vanquished.

Grand Total: 152 creatures vanquished

Notes
Turn   | Place    | Note
-------+----------+-------------------------------------------
     0 | D:1      | sking99 the Gnoll Summoner began the quest for the Orb.
     0 | D:1      | Reached XP level 1. HP: 13/13 MP: 6/6
   254 | D:1      | Reached XP level 2. HP: 19/19 MP: 5/7
   342 | D:1      | Learned a level 2 spell: Call Imp
   596 | D:1      | Reached skill level 5 in Spellcasting
   596 | D:1      | Reached XP level 3. HP: 25/25 MP: 4/9
   653 | D:1      | Learned a level 3 spell: Call Canine Familiar
  1130 | D:1      | Reached skill level 1 in Invocations
  1587 | D:2      | Noticed Sigmund
  1602 | D:2      | Killed Sigmund
  1603 | D:2      | Reached skill level 1 in Fighting
  1603 | D:2      | Reached skill level 1 in Short Blades
  1603 | D:2      | Reached skill level 1 in Long Blades
  1603 | D:2      | Reached skill level 1 in Axes
  1603 | D:2      | Reached skill level 1 in Maces & Flails
  1603 | D:2      | Reached skill level 1 in Polearms
  1603 | D:2      | Reached skill level 1 in Staves
  1603 | D:2      | Reached skill level 1 in Ranged Weapons
  1603 | D:2      | Reached skill level 1 in Throwing
  1603 | D:2      | Reached skill level 1 in Armour
  1603 | D:2      | Reached skill level 1 in Shields
  1603 | D:2      | Reached skill level 1 in Unarmed Combat
  1603 | D:2      | Reached skill level 1 in Conjurations
  1603 | D:2      | Reached skill level 1 in Hexes
  1603 | D:2      | Reached skill level 1 in Necromancy
  1603 | D:2      | Reached skill level 1 in Translocations
  1603 | D:2      | Reached skill level 1 in Fire Magic
  1603 | D:2      | Reached skill level 1 in Ice Magic
  1603 | D:2      | Reached skill level 1 in Air Magic
  1603 | D:2      | Reached skill level 1 in Earth Magic
  1603 | D:2      | Reached skill level 1 in Alchemy
  1603 | D:2      | Reached skill level 1 in Evocations
  1603 | D:2      | Reached skill level 1 in Shapeshifting
  1603 | D:2      | Reached XP level 4. HP: 33/33 MP: 1/11
  1603 | D:2      | Reached XP level 5. HP: 38/38 MP: 1/12
  1912 | D:2      | Noticed Terence
  1927 | D:2      | Killed Terence
  2032 | D:2      | Learned a level 4 spell: Summon Blazeheart Golem
  2310 | D:2      | Reached XP level 6. HP: 44/44 MP: 5/13
  3087 | D:3      | Found a glowing golden altar of the Shining One.
  3090 | D:3      | Found a shadowy altar of Dithmenos.
  3135 | D:3      | Learned a level 4 spell: Summon Lightning Spire
  3213 | D:3      | Reached skill level 5 in Dodging
  3803 | D:4      | Noticed Menkaure
  3818 | D:4      | Killed Menkaure
  4092 | D:3      | Became a worshipper of Dithmenos the Shadowed
  4476 | D:4      | Reached XP level 7. HP: 50/50 MP: 9/15
  4596 | D:5      | Entered Level 5 of the Dungeon
  4731 | D:5      | Reached skill level 5 in Stealth
  4769 | D:5      | Found a glowing drain.
  4782 | Sewer    | Entered a sewer
  4978 | Sewer    | Reached * piety under Dithmenos
  5216 | Sewer    | Reached XP level 8. HP: 44/58 MP: 14/16
  5458 | D:5      | Reached ** piety under Dithmenos
  5866 | D:5      | Found an ornate altar of the Wu Jian Council.
  6370 | D:6      | HP: 1/58 [electric eel/bolt of electricity (5)]
  7622 | D:6      | Found a shimmering blue altar of Sif Muna.
  7833 | D:6      | Identified the +2 short sword "Doxzoashi" {freeze, Dex+2}
  8022 | D:7      | Noticed a hornet
  8040 | D:6      | Killed a hornet
  8041 | D:6      | Reached XP level 9. HP: 47/65 MP: 3/18
  8146 | D:7      | Reached skill level 8 in Summonings
  8226 | D:7      | Found a bloodstained altar of Trog.
  8226 | D:7      | Noticed grmbl's ghost (novice OpCj)
  8232 | D:7      | Noticed Pikel
  8272 | D:7      | Noticed a hornet
  8278 | D:7      | Noticed a moth of wrath
  8279 | D:7      | HP: 1/65 [lemure[Pikel] (7)]
  8280 | D:7      | Slain by an ufetubus

Illustrated notes

Levels and vault maps discovered:
D:1:      heliophobic_arrival_dark_side_of_the_moon, layout_basic
D:2:      layout_basic, minmay_tetromino_o4, uniq_sigmund, uniq_terence
D:3:      layout_rooms, chequers_temple_overflow_statue_of_worship
D:4:      layout_loops_ring, uniq_menkaure
D:5:      layout_loops_cross, nzn_wu_jian_contemplation, portal_sewer_entry_a,
          fountainhead
D:6:      layout_layer_cave, kennysheep_orc_sif_temple,
          kennysheep_generic_room_4
D:7:      layout_rooms, minmay_temple_entry_butterflies, serial_shops,
          nicolae_shop_competitors_out_of_business,
          gammafunk_ghost_wrathful_warriors, minmay_statues_item,
          item_on_display_a, uniq_maggie, uniq_joseph, uniq_crazy_yiuf_cottage,
          uniq_pikel

Skill      XL: |  1  2  3  4  5  6  7  8  9 |
---------------+----------------------------+-----
Spellcasting   | 5 6 |  6.5
Invocations    | 1 2 3 4 |  4.5
Fighting       | 1 2 3 4 |  4.1
Short Blades   | 1 2 3 4 |  4.1
Long Blades    | 1 2 3 4 |  4.1
Axes           | 1 2 3 4 |  4.1
Maces & Flails | 1 2 3 4 |  4.1
Polearms       | 1 2 3 4 |  4.1
Staves         | 1 2 3 4 |  4.1
Ranged Weapons | 1 2 3 4 |  4.1
Throwing       | 1 2 3 4 |  4.1
Armour         | 1 2 3 4 |  4.1
Shields        | 1 2 3 4 |  4.1
Unarmed Combat | 1 2 3 4 |  4.1
Conjurations   | 1 2 3 |  3.4
Hexes          | 1 2 3 |  3.4
Necromancy     | 1 2 3 |  3.4
Translocations | 1 2 3 |  3.4
Fire Magic     | 1 2 3 |  3.4
Ice Magic      | 1 2 3 |  3.4
Air Magic      | 1 2 3 |  3.4
Earth Magic    | 1 2 3 |  3.4
Alchemy        | 1 2 3 |  3.4
Evocations     | 1 2 3 4 |  4.1
Shapeshifting  | 1 2 3 |  3.7
Dodging        | 5 6 |  6.2
Stealth        | 5 6 |  6.0
Summonings     | 8 |  8.0

Action                     |  1- 3 |  4- 6 |  7- 9 || total
---------------------------+-------+-------+-------++-------
  Melee: Unarmed           |    11 |       |       ||    11
         Dagger            |     7 |    21 |   185 ||   213
         Bite              |       |     1 |    16 ||    17
         Punch             |       |     1 |     5 ||     6
   Cast: Summon Small Mamm |    34 |    19 |       ||    53
         Call Imp          |    13 |    20 |    32 ||    65
         Call Canine Famil |     6 |    15 |    25 ||    46
    Use: Scroll            |       |     8 |     4 ||    12
   Stab: Sleeping          |       |       |    11 ||    11
 Armour: Robe              |    15 |    18 |   134 ||   167
  Dodge: Dodged            |    41 |    26 |   183 ||   250
